 Dungeon Crawl Stone Soup version 0.25-a0-35-g747a2b3c0c (webtiles) character file.

Game seed: 6733904531744941175, levelgen mode: deterministic

116 Chiseanne the Magician (level 4, -1/30 HPs)
             Began as a Demonspawn Wizard on Oct 19, 2019.
             Slain by Crazy Yiuf
             ... wielding a +4 quarterstaff of chaos
              (6 damage)
             ... on level 3 of the Dungeon.
             The game lasted 00:06:47 (3689 turns).

Chiseanne the Magician (Demonspawn Wizard)          Turns: 3689, Time: 00:06:48

Health: -1/30      AC:  3    Str:  5 (7)  XL:     4   Next: 69%
Magic:  10/10      EV: 12    Int: 20 (21) God:
Gold:   97         SH:  0    Dex:  8 (11) Spells: 10/11 levels left

rFire    . . .     SeeInvis .   c - +0 hand axe
rCold    . . .     Gourm    .   (no shield)
rNeg     . . .     Faith    .   a - +0 robe
rPois    .         Spirit   .   k - +0 helmet
rElec    .         Reflect  .   (no cloak)
rCorr    .         Harm     .   (no gloves)
MR       .....                  (no boots)
Stlth    +.........             (no amulet)
HPRegen  0.10/turn              (no ring)
MPRegen  0.12/turn              (no ring)

@: no status effects
A: hooves 1, rot immunity
a: no special abilities


You were on level 3 of the Dungeon.
You were not hungry.

You visited 1 branch of the dungeon, and saw 3 of its levels.

You collected 97 gold pieces.

Inventory:

Hand Weapons
 c - a +0 hand axe (weapon)
 f - a +0 club
 w - a +0 rapier
Missiles
 e - 81 stones
 g - 19 poisoned darts (quivered)
 n - 64 arrows
 o - 40 bolts
 q - 20 sling bullets
Armour
 a - a +0 robe (worn)
 k - a +0 helmet (worn)
Jewellery
 j - an uncursed amulet of faith {unknown}
 l - a cursed ring of attention {unknown}
Scrolls
 i - 3 scrolls of identify {unknown}
 m - 2 scrolls of magic mapping {unknown}
 s - a scroll of fear {unknown}
 t - 2 scrolls of noise {unknown}
 u - a scroll of enchant weapon {unknown}
 v - a scroll of amnesia {unknown}
 y - a scroll of remove curse {unknown}
Potions
 b - a potion of haste
Comestibles
 d - 7 rations


   Skills:
 - Level 1.7 Dodging
 - Level 1.7 Stealth
 * Level 4.2 Spellcasting
 * Level 3.2 Conjurations
   Level 1.0 Summonings
   Level 0.8 Translocations


You had 10 spell levels left.
You knew the following spells:

 Your Spells              Type           Power        Failure   Level  Hunger
a - Magic Dart            Conj           ###.         3%          1    None

Your spell library contained the following spells:

 Spells                   Type           Power        Failure   Level  Hunger
 Call Imp                 Summ           #.......     13%         2    #......
 Blink                    Tloc           N/A          14%         2    #......
 Slow                     Hex            #.......     19%         2    #......
 Conjure Flame            Conj/Fire      ##......     19%         3    ###....
 Mephitic Cloud           Conj/Pois/Air  #.......     24%         3    ###....


Dungeon Overview and Level Annotations

Branches:
Dungeon (3/15)

Altars:
Qazlal
The Shining One

Annotations:
D:3 Crazy Yiuf


Innate Abilities, Weirdness & Mutations

You have large cloven feet.
You are immune to rotting.


Message History

Crazy Yiuf is poisoned.
Crazy Yiuf hits you with a +4 quarterstaff of chaos!
Throwing (i - inventory. (/) - cycle)
g - 21 poisoned darts (quivered)
Press: ? - help, Shift-Dir - straight line, f/p - Crazy Yiuf
Aim: Crazy Yiuf, wielding a +4 quarterstaff of chaos and wearing a +1 cloak (lightly wounded, poisoned)
You throw a poisoned dart. The poisoned dart hits Crazy Yiuf.
Crazy Yiuf is lightly wounded.
Crazy Yiuf screams, "Cod!
Announcement noodlescoop tired."
Crazy Yiuf closely misses you.
Throwing (i - inventory. (/) - cycle)
g - 20 poisoned darts (quivered)
Press: ? - help, Shift-Dir - straight line, f/p - Crazy Yiuf
Aim: Crazy Yiuf, wielding a +4 quarterstaff of chaos and wearing a +1 cloak (lightly wounded, poisoned)
You throw a poisoned dart. The poisoned dart hits Crazy Yiuf.
Crazy Yiuf is lightly wounded.
Crazy Yiuf laughs, "Cake tired toodlewoodle!"
Crazy Yiuf hits you with a +4 quarterstaff of chaos!
Ouch! That really hurt!
* * * LOW HITPOINT WARNING * * *
You convulse.
You die...

#.รท.......#.####
######..#..#####
##.#.###..#.#
#..#....... #[#.#
#..#.# #####
#..#..#####
##.#.# #..#.#
#..)# #..........
.....###..#.#
#...# #.##..#####
..........#.# ...
#.##..#####
............# #(#
#..........
...######.#.#
##g# #..........
##.# ##### #@##
####.###### #.#
##.# #....# # #.#
### #.## ###### #
#.# ##.## # #.#
#...## # #.#
#....# # #.#
#....# # #.#
#....# # #.#
##...#


You could see Crazy Yiuf.

Vanquished Creatures
  Robin (D:3)
  2 adders (D:3)
  3 worms
  3 dart slugs
  3 leopard geckos
  An orc (D:3)
  4 giant cockroaches
  16 goblins
  10 hobgoblins
  6 bats
  2 frilled lizards
  5 kobolds
  7 rats
63 creatures vanquished.

Notes
Turn   | Place    | Note
-------+----------+-------------------------------------------
     0 | D:1      | Chiseanne the Demonspawn Wizard began the quest for the
                  | Orb.
     0 | D:1      | Reached XP level 1. HP: 13/13 MP: 4/4
   483 | D:1      | Gained mutation: You are immune to rotting. [demonic
                  | ancestry]
   483 | D:1      | Reached XP level 2. HP: 19/19 MP: 4/6
  1305 | D:1      | Gained mutation: You have large cloven feet. [demonic
                  | ancestry]
  1305 | D:1      | Reached XP level 3. HP: 24/24 MP: 2/8
  2817 | D:3      | Reached XP level 4. HP: 30/30 MP: 4/9
  2827 | D:3      | Noticed Robin
  3079 | D:3      | Found a glowing golden altar of the Shining One.
  3087 | D:3      | Reached skill level 4 in Spellcasting
  3160 | D:3      | Found a stormy altar of Qazlal.
  3306 | D:3      | HP: 1/30 [goblin/+0 dagger[Robin] (6)]
  3385 | D:3      | Killed Robin
  3679 | D:3      | Found a runed translucent door.
  3680 | D:3      | Noticed Crazy Yiuf
  3689 | D:3      | Slain by Crazy Yiuf

Levels and vault maps discovered:
D:1:      sevenhm_arrival_forest_fort_large_2, layout_loops_ring
D:2:      layout_basic, grunt_decor_one_mirror
D:3:      layout_basic, lemuel_crystal_altar, first_ration,
          kennysheep_flooded_box, uniq_crazy_yiuf_cottage, uniq_jessica,
          uniq_robin

Skill      XL: |  1  2  3  4 |
---------------+-------------+-----
Conjurations   | 2 3 |  3.2
Spellcasting   | 4 |  4.2
Dodging        | |  1.7
Stealth        | |  1.7
Summonings     | |  1.0
Translocations | |  0.8

Action                   |  1- 3 |  4- 6 || total
-------------------------+-------+-------++-------
Melee: Hand axe          |    31 |    14 ||    45
       Kick              |     3 |     1 ||     4
Throw: Dart              |       |    11 ||    11
 Cast: Magic Dart        |   106 |    40 ||   146
  Use: Potion            |       |     5 ||     5
  Eat: Chunk             |     6 |     2 ||     8
Armor: Robe              |     5 |     7 ||    12
Dodge: Dodged            |    25 |    20 ||    45

Table legend:
 A = Non-vault XP
 B = Vault XP
 C = Vault XP percentage of total XP
 D = Non-vault monster count
 E = Vault monster count
 F = Vault count percentage of total count
                 A         B        C        D         E       F
            +---------+---------+-------+---------+---------+-------
      Total |     127 |      39 |  23.5 |      50 |      13 |  20.6
            +---------+---------+-------+---------+---------+-------
        D:1 |      44 |       0 |   0.0 |      25 |       0 |   0.0
        D:2 |      30 |       0 |   0.0 |      12 |       0 |   0.0
        D:3 |      53 |      39 |  42.4 |      13 |      13 |  50.0
            +---------+---------+-------+---------+---------+-------
